 Dungeon Sprint DCSS version 0.30.1-4-g462c640d31 (webtiles) character file.

Game seed: 13362923869140689492

15675 Heoruswealwe the Ninja (level 12, 0/63 HPs)
             Began as a Spriggan Artificer on Aug 29, 2023.
             Was an Initiate of Gozag.
             Slain by a fire giant
             ... wielding a +0 great sword of flaming
              (2 damage)
             ... in the Dungeon (Sprint I: "Red Sonja").
             The game lasted 00:23:21 (1761 turns).

Heoruswealwe the Ninja (Spriggan Artificer)         Turns: 1761, Time: 00:23:23

Health: 0/63       AC:  4    Str:  4    XL:     12   Next: 3%
Magic:  13/13      EV: 45    Int: 13    God:    Gozag
Gold:   3557       SH:  0    Dex: 30    Spells: 11/11 levels left

rFire   + + .        b - +4 rapier (venom)
rCold   + . .        (no shield)
rNeg    . . .        q - +2 robe of Words of Power {rF+ Str-4 Dex+4 Archmagi}
rPois   .            (helmet restricted)
rElec   .            v - scarf {rC+ rF+}
rCorr   .            (gloves unavailable)
SInv    +            (boots unavailable)
Will    ++...        (no amulet)
Stlth   ++++++++++   r - +6 ring of dexterity
HPRegen 0.30/turn    (no ring)
MPRegen 0.13/turn

%: no teleportation, archmagi
@: very quick
A: very small, no large weapons, unfitting armour, see invisible, speed 3
a: Renounce Religion, Potion Petition, Call Merchant, Bribe Branch


You were in the Dungeon.
You worshipped Gozag.
Gozag was most pleased with you.
You visited 1 branch You collected 6823 gold pieces.
You spent 816 gold pieces at shops.
You donated 31 gold pieces to Zin.
You paid 2419 gold pieces to Gozag.

Inventory:

Hand Weapons
 b - a +4 rapier of venom (weapon)
 p - the +5 rapier "Orb Guardian's Curse" {distort, Will++ Int+2}
   (You bought it in a shop in the Dungeon)

   Int:       It affects your intelligence (+2).
   Will:      It greatly increases your willpower.
Armour
 q - the +2 robe of Words of Power (worn) {rF+ Str-4 Dex+4 Archmagi}
   (You bought it in a shop in the Dungeon)

   Str:       It affects your strength (-4).
   Dex:       It affects your dexterity (+4).
   rF:        It protects you from fire.
   Archmagi:  It increases the power of your magical spells.
 v - a scarf of resistance (worn)
Jewellery
 r - a +6 ring of dexterity (left hand)
Wands
 d - a wand of charming (14)
 m - a wand of polymorph (5)
Scrolls
 e - a scroll of silence
 l - a scroll of fear
 o - a scroll of identify
 t - a scroll of fog
Potions
 f - a potion of curing
 h - 2 potions of haste
 i - 2 potions of magic
 s - a potion of resistance


   Skills:
 + Level 7.1 Fighting
 + Level 20.0 Dodging
 O Level 27 Stealth
 * Level 22.4 Evocations


You had 11 spell levels left.
You didn't know any spells.
Your spell library was empty.

Dungeon Overview and Level Annotations

Branches:
Dungeon (1/1)

Altars:
Cheibriados
Dithmenos
Elyvilon
Fedhas
Gozag
Hepliaklqana
Kikubaaqudgha
Makhleb
Nemelex Xobeh
Okawaru
Qazlal
Ru
Sif Muna
Trog
Uskayaw
Vehumet
Wu Jian
Xom
Yredelemnul
Zin
The Shining One
Jiyva
Lugonu

Shops:
D :(?==:[?=!:=*([?(((([:[*


Innate Abilities, Weirdness & Mutations

You are very small and have problems with some larger weapons.
You are too small for most types of armour.
You have supernaturally acute eyesight. (SInv)
You cover ground extremely quickly. (Speed+++)


Message History

Found a leather armour and 99 gold pieces.
The helpless fire giant fails to defend itself.
You perforate the fire giant like a sieve!!!!!
You kill the fire giant!
Your Fighting skill increases to level 7!
Your Dodging skill increases to level 20!
You have reached level 12!
Found 11 stones and 65 gold pieces.
Things that are here:
288 gold pieces; a +2 great sword of flaming The fire giant shouts! x3
The fire giant casts a spell at you.
The fireball explodes!
The fireball engulfs you. You resist.
Things that are here:
288 gold pieces; a +2 great sword of flaming The fire giant gestures at you while chanting.
The bolt of fire hits you! You resist.
Aiming: Charm
Press: ? - help, Shift-Dir - straight line, f - fire giant
Aim: a fire giant, wielding a +2 great sword of flaming (chance to affect: 37%)
The fire giant is charmed.
The fire giant gestures at you while chanting.
The bolt of fire misses you.
The fire giant points at you and mumbles some strange words.
The bolt of fire hits your fire giant.
Your fire giant resists.
The bolt of fire hits you! You resist.
The fire giant is distracted by your dazzling golden aura. x2
Your fire giant casts a spell at the fire giant.
The bolt of fire hits the fire giant!
The fire giant resists.
The fire giant is no longer distracted by gold.
The fire giant shouts!
Your fire giant barely misses the fire giant.
Your fire giant hits the fire giant with a +2 great sword of flaming.
The fire giant hits you with a +0 great sword of flaming!!!
Ouch! That really hurt!
* * * LOW HITPOINT WARNING * * *
The fire giant burns you.
You die...
Your body crumbles into a pile of gold.

'###[###.#..###..###..#+###,,~*,,
...'.∩##.#°°####°°###..)#,~,,**,,
########.##+#..#[.#.###.#,~,,*,,,
......##.##.#.........#.#**,,*,,,
.......+§####....°....#.#,+,,**,,
''######§#[)+...°..####'#,**+**$$
.......#§#####..°###....#,*~~~**$
......#+§#?$(#####...####,*~~~~**
.....~####?..C.C@..###,,,^*~~~~~*
∩...~~##([$...C#####,,,,****~~~~*
..~~~###$$....##,,,,,,,,*$$*+~~~+
~~~### #(....#*,,,,,,,,,*$$$**~~*
###'####$$$$$*^^^,,,,^^,*$$$$****
####∩∩#######*****,,,,^,*$$$$*~~~
∩∩∩∩∩###≈≈≈≈~~~~,*,^,,,^*******~~
###### #####******^,,,^,+,,*,,+$$
*,,,,,+,,,,,,,,^^*,,+,,*$$


You could see 2 fire giants and a friendly fire giant (charmed).

Vanquished Creatures
  A fire giant (D)
  A lorocyproca (D)
  2 centaur warriors (D)
  Sonja (D)
  A deep troll (D)
  A lindwurm (D)
  8 shining eyes (D)
  An oklob plant (D)
  A gargoyle (D)
  4 demonic crawlers (D)
  7 unseen horrors (D)
  2 kobold demonologists (D)
  A hornet (D)
  Sigmund (D)
  A slime creature (D)
  13 hogs (D)
  A yak (D)
  2 redbacks (D)
  6 floating eyes (D)
  An ogre (D)
  7 necrophages (D)
  8 jellies (D)
  Ijyb (D)
  A ballistomycete spore (D)
73 creatures vanquished.

Vanquished Creatures (others)
  A ballistomycete spore (D)
1 creature vanquished.

Grand Total: 74 creatures vanquished

Notes
Turn   | Place    | Note
-------+----------+-------------------------------------------
     0 | D        | Heoruswealwe the Spriggan Artificer began the quest for the
                  | Orb.
     0 | D        | Reached XP level 1. HP: 9/9 MP: 2/2
     1 | D        | Noticed Ijyb
     6 | D        | Killed Ijyb
     7 | D        | Reached skill level 6 in Stealth
     7 | D        | Reached skill level 5 in Evocations
     7 | D        | Reached XP level 2. HP: 5/14 MP: 3/3
    49 | D        | Noticed an ogre
    60 | D        | Killed an ogre
    61 | D        | Reached skill level 10 in Stealth
    61 | D        | Reached XP level 3. HP: 17/17 MP: 4/4
    61 | D        | Reached XP level 4. HP: 21/21 MP: 5/5
    76 | D        | Noticed Sigmund
    79 | D        | Killed Sigmund
    80 | D        | Reached skill level 13 in Stealth
    80 | D        | Reached XP level 5. HP: 25/25 MP: 6/6
    80 | D        | Reached XP level 6. HP: 29/29 MP: 7/7
    91 | D        | Found an ornate altar of the Wu Jian Council.
    91 | D        | Found a shimmering blue altar of Sif Muna.
    93 | D        | Found a radiant altar of Vehumet.
    98 | D        | Reached skill level 14 in Stealth
   127 | D        | Found Juonavy's Jewellery Emporium.
   127 | D        | Found an ancient bone altar of Kikubaaqudgha.
   127 | D        | Found a hazy altar of Hepliaklqana.
   127 | D        | Found a stormy altar of Qazlal.
   127 | D        | Found a hide-covered altar of Uskayaw.
   127 | D        | Found a blossoming altar of Fedhas.
   127 | D        | Found a bloodstained altar of Trog.
   127 | D        | Found an iron altar of Okawaru.
   127 | D        | Found a basalt altar of Yredelemnul.
   127 | D        | Found a glowing golden altar of the Shining One.
   127 | D        | Found a snail-covered altar of Cheibriados.
   127 | D        | Found a sacrificial altar of Ru.
   127 | D        | Found a glowing silver altar of Zin.
   127 | D        | Found a shadowy altar of Dithmenos.
   127 | D        | Found a white marble altar of Elyvilon.
   127 | D        | Noticed a yak
   128 | D        | Found an opulent altar of Gozag.
   129 | D        | Killed a yak
   130 | D        | Reached skill level 10 in Dodging
   130 | D        | Reached skill level 15 in Stealth
   130 | D        | Reached skill level 10 in Evocations
   130 | D        | Found a sparkling altar of Nemelex Xobeh.
   135 | D        | Became a worshipper of Zin the Law-Giver
   135 | D        | Reached * piety under Zin
   135 | D        | Reached ** piety under Zin
   135 | D        | Reached *** piety under Zin
   135 | D        | Reached **** piety under Zin
   135 | D        | Reached ***** piety under Zin
   135 | D        | Reached ****** piety under Zin
   144 | D        | Noticed Sonja
   148 | D        | Killed Sonja
   149 | D        | Reached skill level 18 in Stealth
   149 | D        | Reached XP level 7. HP: 32/32 MP: 8/8
   163 | D        | Found Owyt's Book Boutique.
   173 | D        | Noticed a shining eye
   173 | D        | Noticed a shining eye
   173 | D        | Noticed a shining eye
   173 | D        | Noticed a shining eye
   173 | D        | Noticed a shining eye
   173 | D        | Noticed a shining eye
   176 | D        | Reached XP level 8. HP: 37/37 MP: 9/9
   176 | D        | Noticed a shining eye
   176 | D        | Noticed a shining eye
   179 | D        | Reached skill level 19 in Stealth
   186 | D        | Killed a shining eye
   187 | D        | Reached skill level 20 in Stealth
   187 | D        | Killed a shining eye
   188 | D        | Reached skill level 21 in Stealth
   188 | D        | Reached XP level 9. HP: 40/40 MP: 10/10
   195 | D        | Killed a shining eye
   196 | D        | Reached skill level 22 in Stealth
   196 | D        | Killed a shining eye
   298 | D        | Killed a shining eye
   299 | D        | Reached skill level 23 in Stealth
   299 | D        | Reached skill level 15 in Evocations
   371 | D        | Killed a shining eye
   372 | D        | Reached skill level 15 in Dodging
   442 | D        | Killed a shining eye
   443 | D        | Reached skill level 24 in Stealth
   443 | D        | Reached XP level 10. HP: 44/44 MP: 11/11
   496 | D        | Killed a shining eye
   516 | D        | Found Fomemm's Antique Weapon Shoppe.
   516 | D        | Found Ucutuw's Jewellery Shop.
   516 | D        | Found Izyx's Magic Scroll Emporium.
   516 | D        | Found Pacezug's Book Boutique.
   555 | D        | Fell from the grace of Zin
   555 | D        | Became a worshipper of Gozag Ym Sagoz the Greedy
   695 | D        | Noticed a deep troll
   699 | D        | Killed a deep troll
   700 | D        | Reached skill level 25 in Stealth
   710 | D        | Found Woceog's Armour Emporium.
   733 | D        | Noticed a centaur warrior
   733 | D        | Noticed a centaur warrior
   735 | D        | Killed a centaur warrior
   736 | D        | Killed a centaur warrior
   737 | D        | Reached skill level 26 in Stealth
   770 | D        | Noticed an oklob plant
   772 | D        | Killed an oklob plant
   819 | D        | Reached skill level 27 in Stealth
   825 | D        | Reached skill level 1 in Fighting
   843 | D        | Reached XP level 11. HP: 50/50 MP: 12/12
   901 | D        | Identified the +7 tower shield of the Moon {rF+ Int+4 Dex-3
                  | Slay+2}
   906 | D        | Found Baoq Fimp's Magic Scroll Shoppe.
   906 | D        | Found Atine's Antique Armour Shop.
   906 | D        | Found Joep's Jewellery Boutique.
   912 | D        | Found Iphufix's Armour Boutique.
   912 | D        | Found Bocarhoe's General Store.
   912 | D        | Found Jaklof's Book Emporium.
   914 | D        | Found Hazas's Weapon Boutique.
   914 | D        | Found Zanumm's Antique Weapon Shoppe.
   914 | D        | Found Nuch's Antique Weapon Shop.
   914 | D        | Found Soepach's Antique Weapon Emporium.
   914 | D        | Found Cysoc's Antique Armour Boutique.
   914 | D        | Found Veliokomi's Assorted Antiques.
   914 | D        | Found Jixt's Book Shop.
   918 | D        | Found Laumack's Distillery.
   920 | D        | Bought a twisted rapier for 189 gold pieces
   920 | D        | Identified the +5 rapier "Orb Guardian's Curse" {distort,
                  | Will++ Int+2} (You bought it in a shop in the Dungeon)
   923 | D        | Bought an ichor-stained robe for 96 gold pieces
   923 | D        | Identified the +2 robe of Words of Power {rF+ Str-4 Dex+4
                  | Archmagi} (You bought it in a shop in the Dungeon)
   924 | D        | Bought a gilded ring for 105 gold pieces
   924 | D        | Bought a glowing emerald potion for 18 gold pieces
   924 | D        | Bought a scroll labelled XITZAELESTRU for 21 gold pieces
   924 | D        | Bought a scroll labelled XITZAELESTRU for 21 gold pieces
   924 | D        | Bought a scroll labelled CUOTRI QUTOMM for 21 gold pieces
   924 | D        | Bought a scroll labelled XOADOQ ORASAI for 21 gold pieces
   928 | D        | Bought 2 scrolls of identify for 56 gold pieces
   928 | D        | Bought a scroll of identify for 28 gold pieces
   928 | D        | Bought a scroll of identify for 28 gold pieces
   928 | D        | Bought a scroll of identify for 28 gold pieces
   929 | D        | Bought a runed scarf for 184 gold pieces
  1024 | D        | Found a burning altar of Makhleb.
  1024 | D        | Found a viscous altar of Jiyva.
  1024 | D        | Found a shimmering altar of Xom.
  1024 | D        | Found a corrupted altar of Lugonu.
  1046 | D        | Paralysed by a floating eye for 4 turns
  1053 | D        | Paralysed by a floating eye for 4 turns
  1128 | D        | Noticed a lorocyproca
  1134 | D        | Killed a lorocyproca
  1135 | D        | Reached skill level 5 in Fighting
  1372 | D        | Noticed a lindwurm
  1376 | D        | Killed a lindwurm
  1476 | D        | Noticed a daeva
  1743 | D        | Noticed a fire giant
  1746 | D        | Noticed a fire giant
  1747 | D        | Noticed a fire giant
  1748 | D        | Noticed a fire giant
  1750 | D        | Killed a fire giant
  1751 | D        | Reached XP level 12. HP: 63/63 MP: 13/13
  1761 | D        | HP: 2/63 [fire giant/+0 great sword of flaming (40)]
  1761 | D        | Slain by a fire giant

Illustrated notes

Levels and vault maps discovered:
D:        dungeon_sprint_1 [red_sonja_temple_1, red_sonja_temple_small_1]

Skill      XL: |  1  2  3  4  5  6  7  8  9 10 11 |
---------------+----------------------------------+-----
Dodging        | 4 6 8 11 12 13 15 17 20 | 20.0
Stealth        | 6 10 13 18 21 24 27 | 27.0
Evocations     | 5 7 9 12 14 15 17 22 | 22.4
Fighting       | 1 7 |  7.1

Action                     |  1- 3 |  4- 6 |  7- 9 | 10-12 || total
---------------------------+-------+-------+-------+-------++-------
  Melee: Dagger            |       |     4 |   237 |   188 ||   429
         Punch             |       |       |     8 |     3 ||    11
         Rapier            |       |       |       |     1 ||     1
 Invoke: Call Merchant     |       |       |       |     3 ||     3
  Evoke: Wand              |     9 |       |       |    22 ||    31
    Use: Scroll            |       |       |       |    11 ||    11
         Potion            |       |       |       |     6 ||     6
   Stab: Sleeping          |       |     4 |     8 |    34 ||    46
         Distracted        |       |       |       |     5 ||     5
 Armour: Robe              |       |       |       |     2 ||     2
  Dodge: Dodged            |     1 |       |       |   130 ||   131
